 Dungeon Crawl Stone Soup version 0.31-a0-177-g4aa6249778 (webtiles) character file.

Game seed: 11632997412313142148

212 quinnr the Zephyrmancer (level 5, -2/28 HPs)
             Began as a Tengu Air Elementalist on June 18, 2023.
             Slain by an orc
             ... wielding a +0 hand axe
              (5 damage)
             ... on level 3 of the Dungeon.
             The game lasted 00:05:16 (2499 turns).

quinnr the Zephyrmancer (Tengu Air Elementalist)    Turns: 2499, Time: 00:05:17

Health: -2/28      AC:  3    Str:  8    XL:     5   Next: 89%
Magic:  0/9        EV: 14    Int: 18    God:
Gold:   119        SH:  0    Dex: 14    Spells: 2/8 levels left

rFire   . . .        (no weapon)
rCold   . . .        (no shield)
rNeg    . . .        a - +0 robe
rPois   .            (helmet restricted)
rElec   .            (no cloak)
rCorr   .            c - +0 pair of gloves
SInv    .            (boots unavailable)
Will    .....        (no amulet)
Stlth   ++           (no ring)
HPRegen 0.24/turn    (no ring)
MPRegen 0.11/turn

%: no passive effects
@: flying quickly and evasively, very slightly contaminated, quick
A: beak, talons 3, nimble flight
a: no special abilities


You were on level 3 of the Dungeon.
You visited 1 branch of the dungeon, and saw 3 of its levels.
You also visited: Sewer.

You collected 119 gold pieces.


Innate Abilities, Weirdness & Mutations

You have a beak for a mouth.
You have claws for feet.
Your magical nature lets you fly swiftly and evasively.


   Skills:
 - Level 2.1 Dodging
 - Level 2.0 Stealth
 + Level 2.3 Spellcasting
 - Level 1.3 Conjurations
 + Level 8.2 Air Magic


You had 2 spell levels left.
You knew the following spells:

 Your Spells              Type           Power      Damage    Failure   Level
i - Swiftness             Air            31%        N/A       1%          3
t - Static Discharge      Conj/Air       38%        2-4/arc   3%          2
z - Shock                 Conj/Air       76%        1d7       2%          1

Your spell library contained the following spells:

 Spells                   Type           Power      Damage    Failure   Level
 Airstrike                Air            15%        2d(3-19)  6%          4

Inventory:

Armour
 a - a +0 robe (worn)
 c - a +0 pair of gloves (worn)
Scrolls
 d - a scroll of revelation {unknown}
 e - 4 scrolls of teleportation {@r2}
 h - a scroll of amnesia {unknown}
 i - a scroll of enchant weapon {unknown}
 k - a scroll of identify {unknown}
Potions
 b - 4 potions of enlightenment
 f - a potion of haste {unknown}
 g - a potion of curing {unknown}
 j - a potion of heal wounds {@q2}
 l - a potion of brilliance {unknown}
 m - a potion of lignification {unknown}

Dungeon Overview and Level Annotations

Branches:
Dungeon (3/15)              Sewer (visited)

Altars:

Annotations:
D:2 Sigmund

#.#
#.#####
#.....#
#####.#
#.# #.#
#.#
#.#######
#.....o@#
#######r#
#o# #r#


rr. ..# #.# #.# You could see an orc priest, an orc and 4 rats.


Message History

You hit the orc. You peck the orc.
The orc is heavily wounded.
The orc misses you. The rat misses you.
Unknown command.
You hit the orc. Your kick misses the orc.
The orc is severely wounded.
The orc hits you with a +0 hand axe.
The orc priest invokes the aid of Beogh against you.
Beogh smites you!
Ouch! That really hurt!
* * * LOW HITPOINT WARNING * * *
A rat comes into view.
The rat bites you.
* * * LOW HITPOINT WARNING * * *
Unknown command.
Unknown command.
Casting: Shock (safe; 2% risk of failure)
Confirm with . or Enter, or press ? or * to list all spells.
Aiming: Shock (safe; 2% risk of failure)
Press: ? - help, Shift-Dir - straight line The zap misses the rat.
The zap hits the orc priest.
The orc priest is almost dead.
The zap misses the rat.
The orc barely misses you. The rat barely misses you.
Unknown command.
Unknown command.
Unknown command.
You hit the orc but do no damage.
The orc is severely wounded.
The orc hits you with a +0 hand axe.
You die...

Skill      XL: |  1  2  3  4  5 |
---------------+----------------+-----
Air Magic      | 5 6 7 8 |  8.2
Dodging        | |  2.1
Stealth        | |  2.0
Spellcasting   | |  2.3
Conjurations   | |  1.3

Action                     |  1- 3 |  4- 6 || total
---------------------------+-------+-------++-------
  Melee: Unarmed           |    13 |     4 ||    17
         Kick              |     2 |     1 ||     3
         Peck              |     1 |     1 ||     2
   Cast: Shock             |    43 |    84 ||   127
         Static Discharge  |       |     3 ||     3
    Use: Potion            |     3 |       ||     3
 Armour: Robe              |     9 |     4 ||    13
  Dodge: Dodged            |    29 |    26 ||    55

Levels and vault maps discovered:
D:1:      shiori_arrival_whats_in_store_for_you, layout_basic
D:2:      layout_basic, st_stairs_2, uniq_sigmund
D:3:      layout_loops_ring, mainiacjoe_overflow_chevrons, portal_sewer_entry_c,
          minmay_rat_hole

Notes
Turn   | Place    | Note
-------+----------+-------------------------------------------
     0 | D:1      | quinnr the Tengu Air Elementalist began the quest for the
                  | Orb.
     0 | D:1      | Reached XP level 1. HP: 10/10 MP: 4/4
     6 | D:1      | Noticed a merfolk zombie
     9 | D:1      | Noticed a minotaur zombie
    19 | D:1      | Noticed a minotaur zombie
   614 | D:1      | Reached XP level 2. HP: 15/15 MP: 3/6
   920 | D:2      | Reached skill level 5 in Air Magic
   986 | D:2      | Noticed Sigmund
  1249 | D:2      | Reached XP level 3. HP: 14/19 MP: 1/7
  1261 | D:2      | HP: 1/19 [orc priest/+0 dagger (1)]
  1264 | D:2      | Reached skill level 6 in Air Magic
  1264 | D:2      | Reached XP level 4. HP: 2/24 MP: 1/8
  1326 | D:3      | Found a glowing drain.
  1356 | Sewer    | Entered a sewer
  1565 | Sewer    | Reached skill level 7 in Air Magic
  1705 | Sewer    | Gained mutation: Your magical nature lets you fly swiftly
                  | and evasively. [Tengu growth]
  1705 | Sewer    | Reached XP level 5. HP: 28/28 MP: 4/9
  1810 | Sewer    | Learned a level 2 spell: Static Discharge
  1814 | Sewer    | Learned a level 3 spell: Swiftness
  2038 | Sewer    | Reached skill level 8 in Air Magic
  2499 | D:3      | Slain by an orc

Vanquished Creatures
  An orc priest (D:2)
  A sickly merfolk siren (Sewer)
  A malarious merfolk avatar (Sewer)
  6 adders
  2 river rats (Sewer)
  A worm (D:3)
  A dart slug (D:1)
  4 orcs
  An endoplasm (D:2)
  3 giant cockroaches
  A hobgoblin (D:3)
  5 quokkas
  6 ball pythons
  A bat (D:3)
  7 frilled lizards
  2 goblins
  A kobold (D:1)
  28 rats
72 creatures vanquished.

Table legend: (Time is in decaauts)
 A = Elapsed time spent in this place.
 B = Non-inter-level travel time spent in this place.
 C = Inter-level travel time spent in this place.
 D = Time resting spent in this place.
 E = Time spent auto-exploring this place.
 F = Levels seen in this place.
 G = Mean time per level.
                   A        B        C        D        E       F      G
               +--------+--------+--------+--------+--------+-----+--------+
         Total |   2485 |   2402 |     83 |    321 |   1643 |   4 |  621.2 |
       Dungeon |   1500 |   1417 |     83 |    205 |    923 |   3 |  500.0 |
         Sewer |    984 |    984 |      0 |    116 |    719 |   1 |  984.0 |
               +--------+--------+--------+--------+--------+-----+--------+

Top non-repeatable levels by time:
     D:1: 1060 daAuts
   Sewer: 984 daAuts
     D:3: 298 daAuts
     D:2: 142 daAuts

Table legend:
 A = Non-vault XP
 B = Vault XP
 C = Vault XP percentage of total XP
 D = Non-vault monster count
 E = Vault monster count
 F = Vault count percentage of total count
                 A         B        C        D         E       F
            +---------+---------+-------+---------+---------+-------
      Total |      96 |     207 |  68.3 |      25 |      47 |  65.3
            +---------+---------+-------+---------+---------+-------
        D:1 |      15 |       0 |   0.0 |      10 |       0 |   0.0
        D:2 |      67 |       0 |   0.0 |       8 |       0 |   0.0
        D:3 |      14 |      25 |  64.1 |       7 |       7 |  50.0
      Sewer |       0 |     182 | 100.0 |       0 |      40 | 100.0
            +---------+---------+-------+---------+---------+-------

Levels and vault maps discovered:
D:1:      shiori_arrival_whats_in_store_for_you, layout_basic
D:2:      layout_basic, st_stairs_2, uniq_sigmund
D:3:      layout_loops_ring, mainiacjoe_overflow_chevrons, portal_sewer_entry_c,
          minmay_rat_hole
